 Dungeon Crawl Stone Soup version 0.30-a0-137-gd8773701ce (webtiles) character file.

Game seed: 16099255935474857509

744 IdlyInterested the Cutter (level 7, -7/54 HPs)
             Began as a Demonspawn Wanderer on Sept 22, 2022.
             Mangled by a wight
             ... wielding a +0 trident
              (8 damage)
             ... on level 4 of the Dungeon.
             The game lasted 00:16:40 (3796 turns).

IdlyInterested the Cutter (Demonspawn Wanderer)     Turns: 3796, Time: 00:16:42

Health: -7/54      AC: 15    Str: 13    XL:     7   Next: 47%
Magic:  9/10       EV:  6    Int: 13    God:
Gold:   284        SH:  0    Dex: 12    Spells: 10/10 levels left

rFire   . . .      SeeInvis .    p - +0 hand axe (freeze)
rCold   . . .      Faith    .    (no shield)
rNeg    . . .      Spirit   .    q - +0 chain mail
rPois   .          Reflect  .    l - +0 helmet
rElec   .          Harm     .    w - +0 cloak
rCorr   .          Rampage  .    e - +0 pair of gloves
Will    .....                    m - +0 pair of boots
Stlth   ..........               (no amulet)
HPRegen 0.18/turn                (no ring)
MPRegen 0.12/turn                (no ring)

@: mighty, attractive
A: rugged brown scales 2, demonic guardian 1, demonic magic 1, weakness stinger
1, weak 1
a: no special abilities


You were on level 4 of the Dungeon.
You visited 1 branch of the dungeon, and saw 4 of its levels.

You collected 284 gold pieces.

Inventory:

Hand Weapons
 a - a +2 spear
 b - a +0 short sword
 p - a +0 hand axe of freezing (weapon)
 r - a +2 mace of protection
Armour
 c - a +0 ring mail
 e - a +0 pair of gloves (worn)
 h - a +0 cloak
 k - a +0 leather armour
 l - a +0 helmet (worn)
 m - a +0 pair of boots (worn)
 q - a +0 chain mail (worn)
 w - a +0 cloak (worn)
 x - a +0 robe
Wands
 j - a wand of charming (3)
Scrolls
 f - a scroll of vulnerability
 o - 2 scrolls of butterflies
Potions
 d - 2 potions of lignification
 i - a potion of mutation
 n - 4 potions of might
 u - a potion of cancellation


   Skills:
 - Level 3.0 Fighting
 * Level 4.7 Short Blades
 - Level 3.6 Polearms
 - Level 1.0 Throwing
 - Level 2.0 Armour
 + Level 2.5 Dodging
 * Level 3.1 Stealth
 - Level 2.0 Spellcasting
 + Level 2.1 Evocations


You had 10 spell levels left.
You didn't know any spells.
Your spell library contained the following spells:

 Spells                   Type           Power      Damage    Failure   Level
 Summon Small Mammal      Summ           4%         N/A       100%        1


Dungeon Overview and Level Annotations

Branches:
Dungeon (4/15)
 Temple: D:4-7

Altars:

Shops:
D:3 **(::


Innate Abilities, Weirdness & Mutations

You are mostly covered in rugged brown scales. (AC +2, +5% HP)
A weak demonic guardian rushes to your aid.
Spells you cast may paralyse adjacent enemies.
You have a small tail.
You are weak. (Str -2)


Message History

Training target 2.0 for Spellcasting reached!
Your Fighting skill increases to level 3!
Your Spellcasting skill increases to level 2!
You closely miss the wight.
The wight is heavily damaged.
The wight hits you with a +3 dagger.
* * * LOW HITPOINT WARNING * * *
A demonic guardian appears!
You feel drained.
* * * LOW HITPOINT WARNING * * *
The wight hits you from afar with a +0 trident.
* * * LOW HITPOINT WARNING * * *
Your shadow imp hits the wight.
The wight hits you but does no damage. x2
Your shadow imp hits the wight.
Aiming: Charm
Press: ? - help, Shift-Dir - straight line, f - wight
Aim: a wight, wielding a +3 dagger and wearing a +0 robe (almost destroyed, not watching you, ally target, chance to affect: 54%)
The wight resists with significant effort.
The wight hits you but does no damage.
The wight hits your shadow imp with a +3 dagger.
Your shadow imp hits the wight.
Aiming: Charm
Press: ? - help, Shift-Dir - straight line, f/p - wight
Aim: a wight, wielding a +3 dagger and wearing a +0 robe (almost destroyed, not watching you, ally target, chance to affect: 54%)
The wight is charmed.
Something hits your wight!
Your wight is destroyed!
The wight hits you from afar with a +0 trident.
* * * LOW HITPOINT WARNING * * *
Your life force feels restored.
Something hits your shadow imp!
Your shadow imp dies!
Your shadow imp disappears in a puff of smoke!
Things that are here:
a +0 rapier; a +0 leather armour; the human corpse of Eustachio
Aiming: Charm
Press: ? - help, Shift-Dir - straight line, f - wight
Aim: a wight, wielding a +0 trident and wearing a +0 robe (grey smoke, ally target, chance to affect: 54%)
The wight resists with significant effort.
Your iron imp closely misses the wight.
The wight hits you from afar with a +0 trident!
You die...

**,,,,,***,,,,*,,,*,,*
,,,,,,,,,,,,,**,>,...# ***
,,,,,,,.#..,,*,,,,...##******,**
*,,,,,.......,,,*#....,,,,,*,,,**
*,,,,,.......,,**....,,,,,,,,,,,,
,,,,,,.......,,##..#,,,.,,,,,,,,,
,,,,**.......**#...##...,,,,,,,,,
,**,,,.....zz###......#*,,,,,,,,,
,,*,,,.......)#5@.#,,,,,,,*,,,,,,
,**,,,.......zz...##**,..,,,,,,,*
,,,,,,........#....##*.....,,,,,,
*,,,*,#.......###...##.#....,,,,,
*,,,,,##......#.......##....,,,,,
,,,,,,*#....................,,,,,
,,,,,,....####..†...........,,,,,
<,*,,*##..*#................,>,,,
,*,,,*..(,,#.##............#,,,,,


You could see 2 wights and a friendly iron imp (summoned).

Vanquished Creatures
  Grinder (D:4)
  Eustachio (D:4)
  A black bear (D:4)
  A wight (D:4)
  Crazy Yiuf (D:3)
  2 orc wizards (D:3)
  A gnoll (D:1)
  5 adders
  An ufetubus (D:4)
  3 dart slugs
  7 orcs (D:3)
  4 bats
  5 endoplasms
  4 giant cockroaches
  4 hobgoblins
  2 quokkas
  5 ball pythons
  2 frilled lizards (D:1)
  4 goblins
  4 kobolds
  3 rats
61 creatures vanquished.

Vanquished Creatures (collateral kills)
  A ball python (D:4)
1 creature vanquished.

Vanquished Creatures (others)
  A wight (D:4)
  3 fungi (D:3)
  2 plants (D:3)
6 creatures vanquished.

Grand Total: 68 creatures vanquished

Notes
Turn   | Place    | Note
-------+----------+-------------------------------------------
     0 | D:1      | IdlyInterested the Demonspawn Wanderer began the quest for
                  | the Orb.
     0 | D:1      | IdlyInterested set off with the following items: a +2
                  | spear, a +0 short sword, a +0 ring mail, a potion of
                  | lignification.
     0 | D:1      | Reached XP level 1. HP: 15/15 MP: 1/1
   219 | D:1      | Gained mutation: Spells you cast may paralyse adjacent
                  | enemies. [demonic ancestry]
   219 | D:1      | Reached XP level 2. HP: 22/22 MP: 2/2
   464 | D:1      | Reached skill level 1 in Stealth
   489 | D:1      | Gained mutation: You are partially covered in rugged brown
                  | scales. (AC +1, +3% HP) [demonic ancestry]
   489 | D:1      | Reached XP level 3. HP: 22/27 MP: 3/3
  1900 | D:3      | Reached XP level 4. HP: 26/33 MP: 3/5
  2024 | D:3      | Found a runed translucent door.
  2033 | D:3      | Found Moli's Book Emporium.
  2342 | D:3      | Found Bauq's Weapon Shoppe.
  2400 | D:3      | Reached skill level 2 in Short Blades
  2415 | D:3      | Found Ocuxtuk's Book Emporium.
  2433 | D:3      | Found a faded altar of an unknown god.
  2438 | D:3      | Got Plato's Guide on Accomplices
  2545 | D:3      | Found Reiw's General Store.
  2582 | D:3      | Reached skill level 1 in Spellcasting
  2604 | D:3      | Gained mutation: A weak demonic guardian rushes to your
                  | aid. [demonic ancestry]
  2604 | D:3      | Reached XP level 5. HP: 28/39 MP: 6/6
  2605 | D:3      | Reached skill level 1 in Throwing
  2688 | D:3      | Found Vehuogup's General Store.
  2760 | D:3      | Noticed Crazy Yiuf
  3057 | D:3      | Killed Crazy Yiuf
  3327 | D:4      | Noticed Grinder
  3345 | D:4      | Paralysed by Grinder for 3 turns
  3349 | D:4      | Killed Grinder
  3350 | D:4      | Reached skill level 3 in Short Blades
  3350 | D:4      | Gained mutation: You are mostly covered in rugged brown
                  | scales. (AC +2, +5% HP) [demonic ancestry]
  3350 | D:4      | Reached XP level 6. HP: 21/46 MP: 7/7
  3615 | D:4      | Reached skill level 4 in Short Blades
  3730 | D:4      | Gained mutation: You are weak. (Str -2) [potion of
                  | mutation]
  3758 | D:4      | Noticed Eustachio
  3776 | D:4      | Gained mutation: You have a small tail. [demonic ancestry]
  3776 | D:4      | Reached XP level 7. HP: 42/53 MP: 7/9
  3779 | D:4      | HP: 2/49 [wight/+0 trident (7)]
  3791 | D:4      | Killed Eustachio
  3794 | D:4      | HP: 1/53 [wight/+0 trident (3)]
  3796 | D:4      | Mangled by a wight

Illustrated notes

Levels and vault maps discovered:
D:1:      sevenhm_arrival_forest_fort_small_3, layout_basic
D:2:      layout_rooms, minmay_misc_feat_secret_circle, nicolae_hexahallways
D:3:      layout_loops_corners, serial_shops, nicolae_square_shop,
          nicolae_shop_hallway_stairs, shop, shop_coins,
          nicolae_shop_advertising_works [nicolae_subvault_shop_adworks],
          shapermc_ecumenical_altar_rom_forum, uniq_crazy_yiuf_cottage
D:4:      layout_cave_pools, okawaru_metal_pillars_3, marbit_many_paths,
          serial_shops, nicolae_shop_trees, grunt_ministairs_6, uniq_grinder,
          uniq_eustachio, uniq_pikel

Skill      XL: |  1  2  3  4  5  6  7 |
---------------+----------------------+-----
Armour         | 2 |  2.0
Fighting       | 2 3 |  3.0
Stealth        | 1 2 3 |  3.1
Short Blades   | 2 3 4 |  4.7
Spellcasting   | 1 2 |  2.0
Throwing       | 1 |  1.0
Dodging        | 2 |  2.5
Evocations     | 2 |  2.1
Polearms       | |  3.6

Action                   |  1- 3 |  4- 6 |  7- 9 || total
-------------------------+-------+-------+-------++-------
Melee: Spear             |   114 |    17 |       ||   131
       Mace              |       |    74 |       ||    74
       Punch             |       |     3 |       ||     3
       Hand axe          |       |    11 |    14 ||    25
       Short sword       |       |     5 |       ||     5
       Tailslap          |       |       |     2 ||     2
Evoke: Wand              |       |       |     3 ||     3
  Use: Scroll            |     3 |     5 |       ||     8
       Potion            |       |     4 |     2 ||     6
 Stab: Distracted        |       |     1 |     1 ||     2
       Invisible         |       |     1 |       ||     1
Armor: Ring mail         |    42 |     3 |       ||    45
       Chain mail        |       |   126 |    24 ||   150
Dodge: Dodged            |    44 |    50 |    10 ||   104

Table legend: (Time is in decaauts)
 A = Elapsed time spent in this place.
 B = Non-inter-level travel time spent in this place.
 C = Inter-level travel time spent in this place.
 D = Time resting spent in this place.
 E = Time spent auto-exploring this place.
 F = Levels seen in this place.
 G = Mean time per level.
                   A        B        C        D        E       F      G
               +--------+--------+--------+--------+--------+-----+--------+
         Total |   3825 |   3468 |    357 |    531 |   2073 |   4 |  956.2 |
       Dungeon |   3825 |   3468 |    357 |    531 |   2073 |   4 |  956.2 |
               +--------+--------+--------+--------+--------+-----+--------+

Top non-repeatable levels by time:
     D:3: 1619 daAuts
     D:1: 1033 daAuts
     D:2: 928 daAuts
     D:4: 243 daAuts
